 Dungeon Crawl Stone Soup version 0.27-a0-1193-g8631133539 (webtiles) character file.

Game seed: 8980858018931825279

82 tilp the Caller (level 4, 0/32 HPs)
             Began as a Barachi Summoner on May 26, 2021.
             Was an Initiate of Okawaru.
             Killed by divine providence
             ... invoked by an orc priest
              (11 damage)
             ... on level 3 of the Dungeon.
             The game lasted 00:05:33 (3657 turns).

tilp the Caller (Barachi Summoner)                  Turns: 3657, Time: 00:05:34

Health: 0/32       AC:  3    Str: 10    XL:     4   Next: 43%
Magic:  2/8        EV: 12    Int: 15    God:    Okawaru [......]
Gold:   74         SH:  0    Dex: 13    Spells: 3/9 levels left

rFire    . . .     SeeInvis .   a - +0 falchion (vorpal)
rCold    . . .     Faith    .   (no shield)
rNeg     . . .     Spirit   .   i - +0 leather armour
rPois    .         Reflect  .   (no helmet)
rElec    .         Harm     .   (no cloak)
rCorr    .         Rampage  .   (no gloves)
Will     .....                  (no boots)
Stlth    ++........             (no amulet)
HPRegen  0.10/turn              (no ring)
MPRegen  0.11/turn              (no ring)

@: slow
A: amphibious, slowness 1, strong legs 1, +LOS
a: Hop, Renounce Religion


You were on level 3 of the Dungeon.
You worshipped Okawaru.
Okawaru was noncommittal.
You visited 1 branch of the dungeon, and saw 3 of its levels.

You collected 74 gold pieces.

Inventory:

Hand Weapons
 a - a +0 vorpal falchion (weapon)
 b - a +0 dagger
Armour
 e - a +0 scale mail
 i - a +0 leather armour (worn)
 j - a +0 robe
Scrolls
 l - a scroll of identify
Potions
 c - a potion of heal wounds
 d - a potion of attraction {unknown}
 f - 2 potions of magic
 g - a potion of cancellation {unknown}
 h - 2 potions of curing
 k - a potion of berserk rage {unknown}


   Skills:
 + Level 1.0 Fighting
 + Level 2.5 Dodging
 + Level 2.1 Stealth
 - Level 3.0 Spellcasting
 - Level 6.0 Summonings


You had 3 spell levels left.
You knew the following spells:

 Your Spells              Type           Power      Damage    Failure   Level
a - Summon Small Mammal   Summ           80%        N/A       2%          1
b - Call Imp              Summ           20%        N/A       3%          2
c - Call Canine Familiar  Summ           20%        N/A       7%          3

Your spell library contained the following spells:

 Spells                   Type           Power      Damage    Failure   Level
 Summon Guardian Golem    Hex/Summ       11%        N/A       24%         3
 Summon Ice Beast         Ice/Summ       11%        N/A       61%         4
 Summon Lightning Spire   Summ/Air       11%        N/A       61%         4


Dungeon Overview and Level Annotations

Branches:
Dungeon (3/15)

Altars:
Okawaru


Innate Abilities, Weirdness & Mutations

You are amphibious.
You cover ground slowly.
You can hop short distances.
You have an extended range of vision and can be seen from far away.


Message History

Orders for allies: a - Attack new target. r - Retreat! s - Stop attacking. g - Guard the area. f - Follow me.
Anything else - Cancel.
Gang up on whom?
Press: ? - help, Dir - move target, f - orc priest
Aim: an orc priest, wielding a +0 mace and wearing a +0 ring mail Attack!
Your crimson imp blinks!
Unknown command.
Casting: Call Imp (safe; 3% risk of failure)
Confirm with . or Enter, or press ? or * to list all spells.
A beastly little devil appears in a puff of flame.
Your crimson imp closely misses the orc priest.
The orc priest hits your crimson imp with a +0 mace.
Your crimson imp closely misses the orc priest.
You swap places.
The orc priest barely misses your crimson imp.
Your crimson imp hits the orc priest but does no damage.
The orc priest hits your crimson imp with a +0 mace.
Your crimson imp closely misses the orc priest.
The orc priest closely misses your crimson imp.
Your hound disappears in a puff of smoke!
Your crimson imp blinks!
Your crimson imp barely misses the orc priest.
The orc priest closely misses your crimson imp.
Your crimson imp hits the orc priest but does no damage.
Your crimson imp barely misses the orc priest.
The orc priest hits your crimson imp with a +0 mace!
You are ready to hop once more.
Your crimson imp hits the orc priest.
Your crimson imp blinks!
Something hits your crimson imp.
The orc priest calls down the wrath of Beogh upon you.
Beogh smites you!
* * * LOW HITPOINT WARNING * * *
Your crimson imp disappears in a puff of smoke!
The orc priest calls down the wrath of Beogh upon you.
Beogh smites you!
You die...

#.# #.... #.# #....
#.# #.... #.# #....
#.# #.... #.# #####
#.#
#.#################
#.@......o5ยง..)....
###################


You could see an orc priest (ally target) and a friendly crimson imp (summoned).

Vanquished Creatures
  2 adders (D:2)
  A dart slug (D:2)
  4 orcs (D:3)
  4 bats
  2 endoplasms (D:1)
  3 giant cockroaches
  A goblin (D:3)
  2 hobgoblins
  3 jackals (D:1)
  A kobold (D:3)
  A quokka (D:3)
  5 ball pythons
  2 frilled lizards
  2 rats
33 creatures vanquished.

Vanquished Creatures (collateral kills)
  An orc priest (D:3)
  A worm (D:2)
  2 bats
  An endoplasm (D:1)
  4 goblins (D:1)
  A hobgoblin (D:2)
  4 jackals (D:1)
  A quokka (D:2)
  3 ball pythons
  A kobold (D:1)
  2 rats
21 creatures vanquished.

Grand Total: 54 creatures vanquished

Notes
Turn   | Place    | Note
-------+----------+-------------------------------------------
     0 | D:1      | tilp the Barachi Summoner began the quest for the Orb.
     0 | D:1      | Reached XP level 1. HP: 13/13 MP: 3/3
    82 | D:1      | Found a faded altar of an unknown god.
   279 | D:1      | Reached skill level 5 in Summonings
   526 | D:1      | Reached XP level 2. HP: 11/19 MP: 0/5
  1189 | D:1      | Learned a level 2 spell: Call Imp
  1758 | D:2      | Reached XP level 3. HP: 24/24 MP: 0/7
  3135 | D:2      | Learned a level 3 spell: Call Canine Familiar
  3188 | D:3      | Reached skill level 6 in Summonings
  3256 | D:3      | Reached XP level 4. HP: 31/31 MP: 3/8
  3522 | D:3      | Found an iron altar of Okawaru.
  3536 | D:3      | Became a worshipper of Warmaster Okawaru
  3639 | D:3      | Reached skill level 1 in Fighting
  3657 | D:3      | Killed from afar by an orc priest

Illustrated notes

Levels and vault maps discovered:
D:1:      ncdulo_wetmaze, layout_loops_ring, basic_ecumenical_altar,
          chequers_arboretum, minmay_misc_feat_ornament
D:2:      layout_rooms, serial_co_window_serial, co_window_of_opportunity_a,
          co_window_corner_a, co_window_corner_a, co_window_paths_a,
          co_window_of_opportunity_a, co_window_corner_b, co_window_2corner,
          co_window_corner_ca, co_window_cross_4, co_window_unsneaky_path_a,
          co_window_broadway_b, co_window_4corner_a, co_window_paths_d,
          glass_columns_a, glass_columns_a
D:3:      layout_basic, overflow_temple_1_default, old_standard_altar

Skill      XL: |  1  2  3  4 |
---------------+-------------+-----
Summonings     | 5 6 |  6.0
Spellcasting   | 3 |  3.0
Stealth        | 2 |  2.1
Fighting       | 1 |  1.0
Dodging        | |  2.5

Action                   |  1- 3 |  4- 6 || total
-------------------------+-------+-------++-------
Melee: Dagger            |    71 |       ||    71
       Falchion          |    30 |    14 ||    44
 Cast: Summon Small Mamm |    33 |       ||    33
       Call Imp          |    18 |     3 ||    21
       Call Canine Famil |       |     1 ||     1
 Abil: Hop               |       |     1 ||     1
  Use: Scroll            |     5 |       ||     5
 Stab: Sleeping          |     3 |     1 ||     4
Armor: Robe              |    25 |       ||    25
       Leather armour    |     7 |     3 ||    10
Dodge: Dodged            |   101 |    11 ||   112
       Rpst.: Falchion   |     7 |     3 ||    10

Table legend: (Time is in decaauts)
 A = Elapsed time spent in this place.
 B = Non-inter-level travel time spent in this place.
 C = Inter-level travel time spent in this place.
 D = Time resting spent in this place.
 E = Time spent auto-exploring this place.
 F = Levels seen in this place.
 G = Mean time per level.
                   A        B        C        D        E       F      G
               +--------+--------+--------+--------+--------+-----+--------+
         Total |   4056 |   3877 |    179 |    734 |   2564 |   3 | 1352.0 |
       Dungeon |   4056 |   3877 |    179 |    734 |   2564 |   3 | 1352.0 |
               +--------+--------+--------+--------+--------+-----+--------+

Top non-repeatable levels by time:
     D:1: 1845 daAuts
     D:2: 1682 daAuts
     D:3: 528 daAuts
